 Dungeon Crawl Stone Soup version 0.24-a0-446-g87df7205b4 (webtiles) character file.

Game seed: 10213455160910775017

4284 Azzok the Martial Artist (level 10, -14/85 HPs)
             Began as a White Draconian Transmuter on June 24, 2019.
             Was an Elder of Okawaru.
             Demolished by a death yak (17 damage)
             ... on level 8 of the Dungeon.
             The game lasted 00:17:50 (8127 turns).

Azzok the Martial Artist (DrTm)                     Turns: 8127, Time: 00:17:50

Health: -14/85     AC:  6    Str: 12    XL:     10   Next: 10%
Magic:  10/13      EV: 16    Int: 17    God:    Okawaru [****..]
Gold:   395        SH:  0    Dex: 12    Spells: 3/13 levels left

rFire    x . .     SeeInvis .     - Unarmed
rCold    + + +     Gourm    .   (shield currently unavailable)
rNeg     . . .     Faith    .   (armour unavailable)
rPois    +         Spirit   .   (helmet currently unavailable)
rElec    .         Reflect  .   (cloak currently unavailable)
rCorr    .         Harm     .   (gloves currently unavailable)
MR       +....                  (boots currently unavailable)
Stlth    ++++......             x - amulet of regeneration
HPRegen  0.64/turn              r - ring of stealth
MPRegen  0.13/turn              B - ring of protection from magic

@: ice-form, heroism
A: large, (breathe frost), unfitting armour, AC +7
a: End Transformation, Heroism, Renounce Religion


You were on level 8 of the Dungeon.
You worshipped Okawaru.
Okawaru was greatly pleased with you.
You were not hungry.
You were a creature of crystalline ice.
You visited 2 branches of the dungeon, and saw 10 of its levels.

You collected 395 gold pieces.

Inventory:

Hand Weapons
 q - the +4 short sword of Tension {drain, +Blink +Fly rF+}
   (You found it on level 4 of the Dungeon)

   A truly terrible weapon, it drains the life of those it strikes.
   It protects you from fire.
   It lets you fly.
   It lets you blink.
 H - the +3 long sword of Dishonesty (melded) {elec, rC+ Str+2}
   (You found it on level 8 of the Dungeon)

   Occasionally, upon striking a foe, it will discharge some electrical energy
   and cause terrible harm.
   It affects your strength (+2).
   It protects you from cold.
Missiles
 a - 108 arrows
Armour
 b - a +0 buckler (melded)
 d - a +0 pair of gloves (melded)
Jewellery
 r - a ring of stealth (left front paw)
 x - an amulet of regeneration (around neck)
 B - a ring of protection from magic (right front paw)
Wands
 v - a wand of clouds (4)
 A - a wand of iceblast (6)
 K - a wand of scattershot (4)
Scrolls
 h - 7 scrolls of enchant armour {unknown}
 j - a scroll of enchant weapon {unknown}
 l - 3 scrolls of blinking {unknown}
 m - 3 scrolls of amnesia
 n - 4 scrolls of identify
 p - 6 scrolls of remove curse
 s - 2 scrolls of fear {unknown}
 w - 2 scrolls of magic mapping {unknown}
 y - 2 scrolls of immolation {unknown}
 C - a scroll of noise {unknown}
 G - 2 scrolls of vulnerability {unknown}
 I - 2 scrolls of teleportation {unknown}
 L - a scroll of fog {unknown}
Potions
 e - 2 potions of brilliance
 f - 2 potions of cancellation {unknown}
 g - 2 potions of resistance {unknown}
 i - 3 potions of curing {unknown}
 k - 4 potions of haste {unknown}
 o - a potion of invisibility {unknown}
 t - 3 potions of heal wounds
 u - a potion of agility
 z - a potion of flight
 D - a potion of magic {unknown}
 E - a potion of degeneration {unknown}
 F - a potion of mutation {unknown}
Comestibles
 c - 10 rations


   Skills:
 - Level 1.1(6.1) Fighting
 + Level 7.0(12.0) Dodging
 - Level 4.0(9.0) Shields
 + Level 8.1(13.1) Unarmed Combat
 - Level 2.0 Spellcasting
 + Level 7.8 Transmutations
 + Level 3.6 Ice Magic
 + Level 4.6 Invocations


You had 3 spell levels left.
You knew the following spells:

 Your Spells              Type           Power        Failure   Level  Hunger
a - Ice Form              Ice/Tmut       ###.....     19%         4    #####..
b - Spider Form           Tmut/Pois      ##........   12%         3    ###....
c - Regeneration          Chrm/Necr      #.........   50%         3    ###....

Your spell library contained the following spells:

 Spells                   Type           Power        Failure   Level  Hunger
 Beastly Appendage        Tmut           ####..       1%          1    #......
 Sticks to Snakes         Tmut           ####....     1%          2    ###....
 Infusion                 Chrm           #...         19%         1    #......
 Poisonous Vapours        Pois/Air       #.....       28%         2    ###....
 Shroud of Golubria       Chrm/Tloc      #.....       28%         2    ###....
 Song of Slaying          Chrm           #.......     28%         2    ###....
 Conjure Flame            Conj/Fire      #.......     50%         3    ###....
 Mephitic Cloud           Conj/Pois/Air  #.......     50%         3    ###....
 Spectral Weapon          Hex/Chrm       #.......     50%         3    ###....
 Blade Hands              Tmut           ####......   22%         5    ######.
 Freezing Cloud           Conj/Ice/Air   #.........   100%        6    #######
 Ring of Flames           Chrm/Fire      #.........   100%        7    #######


Dungeon Overview and Level Annotations

Branches:
Dungeon (9/15)             Temple (1/1) D:5
   Lair: D:8-11         Orc: D:9-12

Altars:
Ashenzari
Cheibriados
Dithmenos
Elyvilon
Fedhas
Gozag
Hepliaklqana
Kikubaaqudgha
Makhleb
Nemelex Xobeh
Okawaru
Qazlal
Ru
Sif Muna
Uskayaw
Wu Jian
Xom
Yredelemnul

Annotations:
D:8 1 runed translucent door, Cynry's ghost, novice DDFi


Innate Abilities, Weirdness & Mutations

((You can breathe waves of freezing cold.))
((You can buffet flying creatures when you breathe cold.))
((Your icy white scales are hard. (AC +7)))
You cannot fit into any form of body armour.
((Your flesh is cold resistant. (rC+)))
((You are cold-blooded and may be slowed by cold attacks.))


Message History

The death yak misses you.
You barely miss the death yak.
The death yak is lightly wounded.
The death yak barely misses you.
You punch the death yak! You freeze the death yak.
The death yak is moderately wounded.
You hit the death yak. You freeze the death yak.
The death yak is moderately wounded.
The death yak closely misses you.
You punch the death yak! You freeze the death yak.
The death yak is heavily wounded.
The death yak closely misses you.
You pummel the death yak!! You freeze the death yak!
The death yak is almost dead.
The death yak gores you!!
* * * LOW HITPOINT WARNING * * *
You barely miss the death yak.
The death yak is almost dead.
The death yak gores you!
You die...

··················▒▒·············
(································
·················▒···············
·················▒···············
·················▒···············
·············▒···▒···············
····▒····························
················Y▒▒··············
····▒▒▒········)Y÷···········▒···
····▒ ▒·········▒▒▒··▒·(·····▒···
···▒▒▒▒·········▒▒▒··▒·······▒···
······▒··············▒·······▒···
······▒·····▒········▒···········
······▒·············▒▒········▒▒▒
······▒·····▒···▒▒▒·▒▒········╬··
······▒·····▒···▒ ▒··'········▒··
······▒·········▒ ▒··▒········▒·▒


You could see a death yak.

Vanquished Creatures
  Joseph (D:8)
  2 hippogriffs
  A hungry ghost (D:7)
  Duvessa (D:5)
  A porcupine (D:8)
  2 ice beasts (D:6)
  3 sky beasts
  An orc warrior (D:6)
  2 black bears (D:8)
  2 phantoms
  A centaur (D:5)
  2 ogres
  A crocodile (D:8)
  3 bullfrogs
  A wyvern zombie (D:9)
  Dowan (D:5)
  2 scorpions
  2 wyvern skeletons
  5 killer bees (D:8)
  4 howler monkeys
  A crimson imp (D:7)
  A bullfrog zombie (D:9)
  A quasit (D:9)
  4 hounds
  A bullfrog skeleton (D:8)
  A jelly (D:7)
  7 orc wizards
  3 iguanas
  A hell rat (D:8)
  10 worker ants
  2 hound skeletons
  8 gnolls
  A howler monkey skeleton (D:9)
  11 adders
  2 shadow imps
  An ooze (D:2)
  An adder zombie (D:6)
  2 adder skeletons
  A worm (D:5)
  3 dart slugs
  6 leopard geckos
  21 orcs
  3 ball pythons
  8 bats
  A giant cockroach (D:2)
  8 goblins
  10 hobgoblins
  7 jackals (D:1)
  10 kobolds
  A quokka (D:2)
  8 frilled lizards
  A jackal skeleton (D:7)
  A leopard gecko skeleton (D:4)
  2 leopard gecko zombies
  2 quokka skeletons
  9 rats
198 creatures vanquished.

Notes
Turn   | Place    | Note
-------+----------+-------------------------------------------
     0 | D:1      | Azzok the Draconian Transmuter began the quest for the Orb.
     0 | D:1      | Reached XP level 1. HP: 16/16 MP: 3/3
    79 | D:1      | Reached XP level 2. HP: 20/23 MP: 5/5
   505 | D:1      | Reached XP level 3. HP: 18/28 MP: 6/6
  1327 | D:1      | Learned a level 3 spell: Spider Form
  1502 | D:2      | Reached XP level 4. HP: 29/35 MP: 7/7
  1566 | D:2      | Reached skill level 1 in Shields
  2091 | D:2      | Reached XP level 5. HP: 40/40 MP: 8/8
  2373 | D:3      | Reached skill level 4 in Unarmed Combat
  2652 | D:3      | Noticed an ogre
  2668 | D:3      | Killed an ogre
  2919 | D:3      | Reached XP level 6. HP: 43/47 MP: 0/9
  3649 | D:4      | Got a slimy short sword
  3650 | D:4      | Identified the +4 short sword of Tension {drain, +Blink
                  | +Fly rF+} (You found it on level 4 of the Dungeon)
  4093 | D:4      | Learned a level 4 spell: Ice Form
  4118 | D:5      | Entered Level 5 of the Dungeon
  4251 | D:5      | Found a staircase to the Ecumenical Temple.
  4269 | Temple   | Entered the Ecumenical Temple
  4324 | Temple   | Became a worshipper of Warmaster Okawaru
  4367 | D:5      | Noticed a sky beast
  4377 | D:5      | Killed a sky beast
  4377 | D:5      | Your scales start taking on an icy white colour.
  4377 | D:5      | Reached XP level 7. HP: 17/52 MP: 6/10
  4377 | D:5      | Gained mutation: Your flesh is cold resistant. (rC+) [White
                  | Draconian growth]
  4472 | D:5      | Noticed Duvessa
  4494 | D:5      | Killed Duvessa
  4494 | D:5      | Reached skill level 5 in Unarmed Combat
  4520 | D:5      | Noticed Dowan
  4537 | D:5      | Killed Dowan
  4602 | D:5      | Reached * piety under Okawaru
  4944 | D:6      | Found an iron altar of Okawaru.
  5000 | D:6      | Reached skill level 5 in Transmutations
  5011 | D:6      | Reached XP level 8. HP: 52/59 MP: 8/11
  5156 | D:6      | Reached skill level 6 in Unarmed Combat
  5156 | D:6      | Reached skill level 5 in Dodging
  5436 | D:6      | Reached ** piety under Okawaru
  5853 | D:7      | Reached skill level 1 in Invocations
  6003 | D:7      | Noticed a hippogriff
  6010 | D:7      | Killed a hippogriff
  6010 | D:7      | Reached skill level 7 in Unarmed Combat
  6010 | D:7      | Reached XP level 9. HP: 55/64 MP: 8/12
  6398 | D:7      | Reached *** piety under Okawaru
  6778 | D:8      | Got a dazzling long sword
  6779 | D:8      | Identified the +3 long sword of Dishonesty {elec, rC+
                  | Str+2} (You found it on level 8 of the Dungeon)
  6848 | D:8      | Reached skill level 1 in Ice Magic
  7129 | D:8      | Found a runed translucent door.
  7132 | D:8      | Noticed Cynry's ghost (novice DDFi)
  7142 | D:8      | Noticed Joseph
  7165 | D:8      | Killed Joseph
  7165 | D:8      | Reached **** piety under Okawaru
  7344 | D:8      | Reached skill level 8 in Unarmed Combat
  7816 | D:9      | Learned a level 3 spell: Regeneration
  7875 | D:8      | Reached XP level 10. HP: 37/71 MP: 5/13
  8082 | D:9      | Noticed a death yak
  8084 | D:9      | Noticed a death yak
  8089 | D:9      | Noticed a death yak
  8126 | D:8      | HP: 2/85 [death yak (20)]
  8127 | D:8      | Demolished by a death yak

Levels and vault maps discovered:
D:1:      dpeg_arrival_shrine, layout_loops_ring
D:2:      layout_basic
D:3:      layout_basic, hangedman_decor_opposing
D:4:      layout_loops_cross, first_ration
D:5:      layout_basic, minmay_temple_entry_statues, uniq_duvessa
D:6:      minmay_cornered_nines, layout_basic, okawaru_metal_pillars_1_2
D:7:      layout_basic
D:8:      layout_basic, hellmonk_ghost_happy_afterlife,
          nicolae_underground_beach, uniq_joseph
D:9:      layout_cross, kennysheep_little_box, dpeg_lair_monsters, serial_shops,
          nicolae_shop_stone
Temple:   compressed_dpeg_triangle_lava_temple

Skill      XL: |  1  2  3  4  5  6  7  8  9 10 |
---------------+-------------------------------+-----
Dodging        | 2 3 4 6 7 |  7.0
Shields        | 1 2 3 4 |  4.0
Transmutations | 3 4 5 6 7 |  7.8
Unarmed Combat | 4 5 7 8 |  8.1
Invocations    | 1 4 |  4.6
Ice Magic      | 3 |  3.6
Fighting       | |  1.1
Spellcasting   | |  2.0

Action                   |  1- 3 |  4- 6 |  7- 9 | 10-12 || total
-------------------------+-------+-------+-------+-------++-------
Melee: Unarmed           |   149 |   193 |   276 |    40 ||   658
       Tailslap          |    22 |    15 |    15 |       ||    52
       Punch             |     2 |       |     2 |       ||     4
       Short sword       |       |    36 |   109 |       ||   145
       Long sword        |       |       |     8 |       ||     8
 Cast: Spider Form       |     1 |    10 |    30 |       ||    41
       Beastly Appendage |       |     1 |       |       ||     1
       Ice Form          |       |       |     2 |     4 ||     6
Invok: Heroism           |       |       |       |     1 ||     1
  Use: Scroll            |     1 |     7 |     1 |       ||     9
       Potion            |       |       |     1 |       ||     1
 Stab: Sleeping          |       |     7 |     5 |       ||    12
  Eat: Chunk             |     2 |    11 |    12 |       ||    25
       Ration            |       |       |     2 |       ||     2
Armor: Skin              |    33 |    57 |    42 |    12 ||   144
Dodge: Dodged            |   101 |   212 |   337 |    45 ||   695
Block: Buckler           |       |       |    17 |       ||    17
       Rpst.: Long sword |       |       |     4 |       ||     4

Table legend:
 A = Non-vault XP
 B = Vault XP
 C = Vault XP percentage of total XP
 D = Non-vault monster count
 E = Vault monster count
 F = Vault count percentage of total count
                 A         B        C        D         E       F
            +---------+---------+-------+---------+---------+-------
      Total |    5259 |     862 |  14.1 |     191 |       7 |   3.5
            +---------+---------+-------+---------+---------+-------
        D:1 |      58 |       0 |   0.0 |      35 |       0 |   0.0
        D:2 |     143 |       0 |   0.0 |      23 |       0 |   0.0
        D:3 |     232 |       0 |   0.0 |      29 |       0 |   0.0
        D:4 |     196 |       0 |   0.0 |      10 |       0 |   0.0
        D:5 |     438 |     223 |  33.7 |      12 |       2 |  14.3
        D:6 |    1148 |       2 |   0.2 |      26 |       2 |   7.1
        D:7 |    1119 |       0 |   0.0 |      23 |       0 |   0.0
        D:8 |    1496 |     637 |  29.9 |      22 |       3 |  12.0
        D:9 |     429 |       0 |   0.0 |      11 |       0 |   0.0
            +---------+---------+-------+---------+---------+-------
